 Dungeon Crawl Stone Soup version 0.24-a0-226-gca05e9d (webtiles) character file.

Game seed: 12129349187230635049

25 CanOfBees the Shooter (level 2, 0/25 HPs)
             Began as a Centaur Hunter on Apr 1, 2019.
             Succumbed to an adder's poison
             ... on level 2 of the Dungeon.
             The game lasted 00:02:05 (1564 turns).

CanOfBees the Shooter (Centaur Hunter)              Turns: 1564, Time: 00:02:06

Health: 0/25       AC:  4    Str: 14    XL:     2   Next: 86%
Magic:  2/2        EV:  9    Int: 10    God:
Gold:   74         SH:  5    Dex:  9    Spells: 1/1 levels left

rFire    . . .     SeeInvis .   a - +1 shortbow
rCold    . . .     Gourm    .   (shield currently unavailable)
rNeg     . . .     Faith    .   c - +0 leather armour
rPois    .         Spirit   .   (no helmet)
rElec    .         Reflect  +   (no cloak)
rCorr    .         Harm     .   (no gloves)
MR       .....                  (no barding)
Stlth    +.........             n - +5 amulet of reflection
HPRegen  0.08/turn              (no ring)
MPRegen  0.08/turn              (no ring)

@: lethally poisoned (0 -> -10), very quick
A: large, hooves 3, deformed body, speed 2, tough skin 3
a: no special abilities


You were on level 2 of the Dungeon.
You were not hungry.

You visited 1 branch of the dungeon, and saw 2 of its levels.

You collected 74 gold pieces.

Inventory:

Hand Weapons
 a - a +1 shortbow (weapon)
 b - a +0 short sword
Armour
 c - a +0 leather armour (worn)
Jewellery
 n - a +5 amulet of reflection (around neck)
Scrolls
 e - a scroll of noise {unknown}
 h - 2 scrolls of identify {unknown}
 i - 2 scrolls of teleportation {unknown}
 j - a scroll of amnesia {unknown}
 k - a scroll of fog {unknown}
Comestibles
 f - 4 rations


   Skills:
 + Level 2.5 Fighting
 + Level 5.7 Bows
 + Level 1.8 Dodging
 - Level 0.4 Stealth


You had one spell level left.
You didn't know any spells.
Your spell library was empty.

Dungeon Overview and Level Annotations

Branches:
Dungeon (2/15)

Altars:


Innate Abilities, Weirdness & Mutations

You have hooves in place of feet.
Armour fits poorly on your strangely shaped body.
You cover ground very quickly.
You have extremely tough skin. (AC +3)


Message History

It was a potion of cancellation.
Your magical effects are unravelling.
You feel magically purged.
Your resistance to elements expires.
* * * LOW HITPOINT WARNING * * *
You feel sick. The adder bites you.
* * * LOW HITPOINT WARNING * * *
You are more poisoned.
The adder poisons you! You block the adder's attack.
Firing (i - inventory)
d - 2 arrows (quivered)
Press: ? - help, Shift-Dir - straight line, f/p - adder
Aim: an adder (moderately wounded)
You shoot an arrow. The arrow barely misses the adder.
* * * LOW HITPOINT WARNING * * *
You feel sick. The adder barely misses you.
Firing (i - inventory)
d - an arrow (quivered)
Press: ? - help, Shift-Dir - straight line, f/p - adder
Aim: an adder (moderately wounded)
You shoot an arrow. The arrow barely misses the adder.
You die...

##. #.........#
#.###.##.######
#...###.# ## #......#
#.# ##.####.# #.#
#.......#
#.###..####.######.#
####.##..#............
#.....((S@....######.#
#.##(##.####...#
#.###.###.....# #...##
#........## #...
#######.## #.... #.#
#.... #.# #..S. +#
##...


You could see an adder.

Vanquished Creatures
  A bat (D:1)
  2 goblins (D:1)
  6 hobgoblins
  4 jackals (D:1)
  3 frilled lizards (D:1)
  3 kobolds
  4 rats (D:1)
23 creatures vanquished.

Notes
Turn   | Place    | Note
-------+----------+-------------------------------------------
     0 | D:1      | CanOfBees the Centaur Hunter began the quest for the Orb.
     0 | D:1      | Reached XP level 1. HP: 17/17 MP: 1/1
     3 | D:1      | Noticed an electric eel
     3 | D:1      | Noticed an electric eel
   203 | D:1      | Reached XP level 2. HP: 15/24 MP: 2/2
  1563 | D:2      | HP: 1/25 [poisoned by an adder]
  1564 | D:2      | Succumbed to an adder's poison

Levels and vault maps discovered:
D:1:      arrival_aquarium_b, layout_loops_ring
D:2:      layout_loops_corners, minmay_misc_feat_square,
          chequers_serial_rivers_small_b, kennysheep_doodads, uniq_sigmund

Action                   || total
-------------------------++-------
Melee: Short sword       ||    90
       Kick              ||     9
 Fire: Shortbow          ||    20
  Use: Potion            ||     2
  Eat: Chunk             ||     1
Armor: Leather armour    ||    41
Dodge: Dodged            ||    52
Block: Other             ||     7

Table legend:
 A = Non-vault XP
 B = Vault XP
 C = Vault XP percentage of total XP
 D = Non-vault monster count
 E = Vault monster count
 F = Vault count percentage of total count
                 A         B        C        D         E       F
            +---------+---------+-------+---------+---------+-------
      Total |      37 |       0 |   0.0 |      23 |       0 |   0.0
            +---------+---------+-------+---------+---------+-------
        D:1 |      33 |       0 |   0.0 |      21 |       0 |   0.0
        D:2 |       4 |       0 |   0.0 |       2 |       0 |   0.0
            +---------+---------+-------+---------+---------+-------
